 Dungeon Crawl Stone Soup version 0.27-a0-1245-g940ed4fa31 (webtiles) character file.

Game seed: 8961365937641551365

21589 Mesmaeker13 the Summoner (level 12, -5/74 HPs)
             Began as a Mummy Summoner on June 9, 2021.
             Was a High Priest of Sif Muna.
             Killed from afar by an orc sorcerer (69 damage)
             ... with a bolt of fire
             ... on level 11 of the Dungeon.
             The game lasted 01:03:46 (32555 turns).

Mesmaeker13 the Summoner (Mummy Summoner)          Turns: 32555, Time: 01:03:47

Health: -5/74      AC: 10    Str: 12      XL:     12   Next: 55%
Magic:  20/20      EV: 17    Int: 18      God:    Sif Muna [*****.]
Gold:   2007       SH: 10    Dex: 18 (19) Spells: 3/21 levels left

rFire    x . .     SeeInvis +   a - +1 hand axe (flame)
rCold    + . .     Faith    .   f - +0 buckler
rNeg     + + +     Spirit   .   m - +0 steam dragon scales
rPois    ∞         Reflect  +   j - +0 helmet
rElec    .         Harm     .   n - +0 cloak
rCorr    .         Rampage  .   l - +0 pair of gloves
Will     +....                  k - +1 pair of boots
Stlth    ++........             u - amulet of reflection
HPRegen  0.22/turn              o - ring of see invisible
MPRegen  0.17/turn              z - +6 ring of dexterity

@: no status effects
A: cold resistance 1, negative energy resistance 3, torment resistance 2, heat
vulnerability 1, no potions
a: Renounce Religion, Channel Magic, Forget Spell, Divine Exegesis


You were on level 11 of the Dungeon.
You worshipped Sif Muna.
Sif Muna was extremely pleased with you.
You visited 4 branches of the dungeon, and saw 19 of its levels.
You also visited: Ossuary.

You collected 2007 gold pieces.

Inventory:

Hand Weapons
 a - a +1 hand axe of flaming (weapon)
 q - a +6 hunting sling of flaming
 x - a +3 flail
 B - a +0 trident
Missiles
 b - 120 sling bullets
 w - 4 curare-tipped darts (quivered)
Armour
 f - a +0 buckler (worn)
 g - a +0 leather armour of willpower
 j - a +0 helmet (worn)
 k - a +1 pair of boots (worn)
 l - a +0 pair of gloves (worn)
 m - +0 steam dragon scales (worn)
 n - a +0 cloak (worn)
Jewellery
 o - a ring of see invisible (left hand)
 u - an amulet of reflection (around neck)
 z - a +6 ring of dexterity (right hand)
 D - a ring of flight
Wands
 p - a wand of digging (2)
 s - a wand of charming (2)
 y - a wand of iceblast (3)
 E - a wand of flame (44)
 G - a wand of mindburst (10)
Scrolls
 c - 3 scrolls of vulnerability
 d - a scroll of brand weapon
 e - 3 scrolls of teleportation
 h - a scroll of torment
 i - 3 scrolls of fog
 r - 6 scrolls of fear
 t - 2 scrolls of silence
 v - a scroll of enchant armour
 A - a scroll of enchant weapon
 F - a scroll of identify
 H - a scroll of noise
Miscellaneous
 I - a phial of floods (inert)


   Skills:
 - Level 0.6 Short Blades
 + Level 0.6 Armour
 - Level 8.2 Dodging
 - Level 1.5 Stealth
 - Level 4.0 Shields
 + Level 5.4 Spellcasting
 + Level 10.0 Summonings
 + Level 0.2 Translocations
 - Level 8.0 Ice Magic
 - Level 6.0 Air Magic
 - Level 6.3 Invocations


You had 3 spell levels left.
You knew the following spells:

 Your Spells              Type           Power      Damage    Failure   Level
a - Summon Lightning Spi  Summ/Air       33%        N/A       4%          4
b - Call Imp              Summ           41%        N/A       1%          2
c - Call Canine Familiar  Summ           41%        N/A       1%          3
d - Summon Ice Beast      Ice/Summ       37%        N/A       3%          4
e - Summon Forest         Summ/Tloc      11%        N/A       38%         5

Your spell library contained the following spells:

 Spells                   Type           Power      Damage    Failure   Level
 Freeze                   Ice            100%       1d11      1%          1
 Summon Small Mammal      Summ           100%       N/A       1%          1
 Frozen Ramparts          Ice            66%        1d8       1%          3
 Ozocubu's Armour         Ice            33%        N/A       1%          3
 Shock                    Conj/Air       60%        1d6       3%          1
 Swiftness                Air            26%        N/A       3%          3
 Summon Guardian Golem    Hex/Summ       23%        N/A       4%          3
 Corpse Rot               Necr/Air       N/A        N/A       5%          2
 Static Discharge         Conj/Air       15%        N/A       5%          2
 Animate Skeleton         Necr           8%         N/A       13%         1
 Corona                   Hex            4%         N/A       13%         1
 Magic Dart               Conj           16%        1d3       13%         1
 Pain                     Necr           16%        1d4       13%         1
 Searing Ray              Conj           8%         3d3       19%         2
 Slow                     Hex            4%         N/A       19%         2
 Dazzling Flash           Conj/Hex       8%         N/A       36%         3
 Inner Flame              Hex/Fire       4%         N/A       36%         3
 Portal Projectile        Hex/Tloc       10%        N/A       36%         3
 Stone Arrow              Conj/Erth      8%         3d7       36%         3
 Vampiric Draining        Necr           2%         2d6       36%         3
 Airstrike                Air            13%        N/A       11%         4
 Hailstorm                Conj/Ice       19%        3d6       24%         4
 Metabolic Englaciation   Hex/Ice        9%         N/A       56%         5
 Lightning Bolt           Conj/Air       7%         1d20      71%         5
 Animate Dead             Necr           2%         N/A       77%         4
 Cause Fear               Hex            2%         N/A       77%         4
 Fulminant Prism          Conj/Hex       2%         3d6       77%         4
 Iskenderun's Mystic Bla  Conj/Tloc      5%         2d3       77%         4
 Leda's Liquefaction      Hex/Erth       2%         N/A       77%         4
 Summon Hydra             Summ           20%        N/A       86%         7
 Agony                    Necr           4%         N/A       98%         5
 Irradiate                Conj/Tmut      2%         3d14      98%         5
 Eringya's Noxious Bog    Tmut/Pois      2%         N/A       100%        6
 Blade Hands              Tmut           Unusable   N/A       N/A         6
 Statue Form              Tmut/Erth      Unusable   N/A       N/A         6
 Dragon Form              Tmut           Unusable   N/A       N/A         7
 Storm Form               Tmut/Air       Unusable   N/A       N/A         7

Dungeon Overview and Level Annotations

Branches:
Dungeon (11/15)            Temple (1/1) D:5            Lair (6/6) D:11
  Swamp (0/4) Lair:3        Snake (0/4) Lair:3        Slime (0/5) Lair:5
    Orc (1/2) D:11        Ossuary (visited)

Altars:
Ashenzari
Cheibriados
Dithmenos
Elyvilon
Fedhas
Gozag
Hepliaklqana
Kikubaaqudgha
Makhleb
Nemelex Xobeh
Qazlal
Ru
Sif Muna
Trog
Uskayaw
Vehumet
Wu Jian
Xom
Yredelemnul
Zin
The Shining One

Annotations:
D:10 Maggie
Lair:2 exclusion: oklob plant


Innate Abilities, Weirdness & Mutations

You are immune to poison.
Your flesh is cold resistant. (rC+)
You are immune to negative energy. (rN+++)
You are immune to unholy pain and torment.
You are vulnerable to heat. (rF-)
You do not drink.


Message History

The orc warrior barely misses your ice beast.
Your ice beast hits the orc warrior.
Your ice beast freezes the orc warrior!
The orc warrior hits your ice beast with a +0 dire flail!!
Your ice beast dies!
Casting: Summon Ice Beast (dangerous; 3% risk of failure)
Confirm with . or Enter, or press ? or * to list all spells.
An electric hum fills the air.
The orc warrior barely misses your lightning spire.
Your lightning spire shoots out a bolt of lightning at the orc warrior!
The bolt of electricity hits the orc warrior!
The orc warrior dies!
Sif Muna accepts your kill.
You start resting.
Your lightning spire disappears in a puff of smoke!
Magic restored.
You start resting.
HP restored.
Things that are here:
a +0 dire flail; a +0 plate armour You see here a +0 trident.
You see here a +0 troll leather armour.
There is a staircase to the Orcish Mines here.
You climb downwards.
Welcome back to the Orcish Mines!
An orc comes into view. It is wielding a +0 short sword.
You block the orc's attack.
The orc sorcerer howls an incantation.
You feel troubled.
There is a staircase back to the Dungeon here.
Unknown command.
The ogre hits you with a +0 giant spiked club!
The orc wizard mumbles some strange words.
The orc wizard flickers and vanishes for a moment.
You climb upwards.
Welcome back to the Dungeon!
There is a staircase to the Orcish Mines here.
Unknown command.
The ogre misses you.
The orc sorcerer gestures at you while chanting.
The bolt of fire hits you!!! The fire burns you terribly!
Ouch! That really hurt!
You die...

#.<.####................###
#...##...###[#####...####
#......### #.# ##.###
#...#### #.# #..# #...# #.#
#.## #...# ######.####.#
####### #####
#...........######......
#..................#####
#....o.@...#########
###....>O....#
#....##.###### #.......#
#....#### ######


You could see an orc sorcerer and an ogre.

Vanquished Creatures
  Snorg (D:10)
  A hydra (Lair:2)
  Joseph (D:7)
  A cane toad (Lair:5)
  Psyche (D:10)
  A blink frog (Lair:2)
  A wyvern (Lair:5)
  2 wraiths (Lair:5)
  4 yaks
  A steam dragon (D:7)
  An acid dragon (D:11)
  Duvessa (D:5)
  3 water moccasins
  2 black bears (D:11)
  5 ice beasts
  2 wolves (Lair:1)
  5 killer bees
  3 centaurs
  3 kobold brigands
  3 bullfrogs
  4 water moccasin zombies
  A scorpion (D:5)
  A water moccasin skeleton (D:5)
  2 howler monkeys
  3 electric eels
  A nameless horror (Lair:2)
  2 centaur zombies
  3 bullfrog zombies
  A hound (D:5)
  A quasit (D:6)
  2 orc priests (D:8)
  A centaur skeleton (D:4)
  An iguana (D:6)
  A howler monkey skeleton (D:4)
  An adder (D:2)
  2 shadow imps
  4 white imps
  An ufetubus (D:4)
  2 adder zombies (Ossuary)
  An adder skeleton (D:5)
  A worm (D:5)
  The ghost of AmberJosephineLiu the Sneak, a weakling DDDe (D:6)
  11 orcs
  2 bats
  2 endoplasms
  4 giant cockroaches
  8 hobgoblins
  7 jackals
  4 quokkas
  5 ball pythons
  3 frilled lizards
  10 goblins
  A hobgoblin zombie (Ossuary)
  7 kobolds
  4 kobold zombies (Ossuary)
  4 orc zombies (Ossuary)
  2 rats (D:2)
153 creatures vanquished.

Vanquished Creatures (collateral kills)
  Josephine (Lair:5)
  3 hydras
  A catoblepas (Lair:5)
  Nergalle (Lair:2)
  A manticore (D:9)
  An oklob plant (Lair:4)
  9 elephants
  2 black mambas (Lair:5)
  A torpor snail (Lair:3)
  7 cane toads
  A rime drake (Lair:5)
  8 komodo dragons
  2 trolls
  Prince Ribbit (Lair:2)
  2 dream sheep (D:8)
  10 blink frogs
  4 wraiths
  A shadow (D:10)
  3 wyverns
  3 nameless horrors (D:10)
  4 basilisks
  36 yaks
  2 swamp worms (Lair:3)
  An acid dragon (D:11)
  12 water moccasins
  5 ice beasts
  3 necrophages
  An orc warrior (D:11)
  5 black bears
  An ogre (D:4)
  12 wolves
  3 centaurs
  2 kobold brigands
  Blork the orc (D:5)
  Dowan (D:5)
  7 bullfrogs
  3 water moccasin zombies (Ossuary)
  2 scorpions
  A wyvern skeleton (D:7)
  9 killer bees
  3 wights (D:8)
  A howler monkey (D:10)
  An electric eel (Lair:1)
  2 quasits (D:6)
  5 hounds
  An orc priest (D:8)
  Crazy Yiuf (D:3)
  A centaur skeleton (D:6)
  2 centaur zombies
  Terence (D:2)
  An orc wizard (D:9)
  An iguana (D:3)
  2 mummies (Ossuary)
  Robin (D:3)
  An adder (D:2)
  An adder zombie (Ossuary)
  6 orcs
  5 ball pythons
  3 endoplasms
  A giant cockroach (D:2)
  2 gnoll zombies (Ossuary)
  2 goblins
  3 hobgoblins (D:2)
  A jackal (D:5)
  2 frilled lizards (D:1)
  2 hobgoblin zombies (Ossuary)
  8 kobolds
233 creatures vanquished.

Vanquished Creatures (others)
  A killer bee (D:7)
  98 fungi
  119 plants
218 creatures vanquished.

Grand Total: 604 creatures vanquished

Notes
Turn   | Place    | Note
-------+----------+-------------------------------------------
     0 | D:1      | Mesmaeker13 the Mummy Summoner began the quest for the Orb.
     0 | D:1      | Reached XP level 1. HP: 13/13 MP: 4/4
  1307 | D:2      | Reached XP level 2. HP: 19/19 MP: 6/6
  1341 | D:2      | Learned a level 2 spell: Call Imp
  1687 | D:2      | Found a faded altar of an unknown god.
  1748 | D:2      | Noticed Terence
  1769 | D:2      | Killed Terence
  1770 | D:2      | Reached XP level 3. HP: 24/24 MP: 2/7
  2762 | D:2      | Reached skill level 1 in Shields
  2772 | D:2      | Reached XP level 4. HP: 23/30 MP: 6/9
  3114 | D:3      | Learned a level 3 spell: Call Canine Familiar
  3287 | D:3      | Found a runed translucent door.
  3288 | D:3      | Noticed Crazy Yiuf
  3448 | D:3      | Noticed Robin
  3469 | D:3      | Killed Robin
  4302 | D:3      | Killed Crazy Yiuf
  4515 | D:4      | Reached skill level 4 in Summonings
  4515 | D:4      | Reached XP level 5. HP: 28/35 MP: 7/11
  4771 | D:4      | Noticed a black bear
  4971 | D:5      | Entered Level 5 of the Dungeon
  5191 | D:5      | Reached XP level 6. HP: 41/41 MP: 3/12
  5365 | D:5      | Noticed a water moccasin
  5387 | D:5      | Killed a water moccasin
  5483 | D:5      | Noticed an ice beast
  5500 | D:5      | Killed an ice beast
  5607 | D:5      | Reached skill level 5 in Summonings
  5614 | D:5      | Reached XP level 7. HP: 40/46 MP: 7/13
  5719 | D:5      | Found a staircase to the Ecumenical Temple.
  5747 | D:5      | Learned a level 4 spell: Summon Ice Beast
  5853 | Temple   | Entered the Ecumenical Temple
  6311 | D:5      | Identified a scroll of acquirement
  6312 | D:5      | Acquired a +6 hunting sling of flaming
  6328 | D:5      | Found a large runed translucent door.
  6331 | D:5      | Found a large runed translucent door.
  6386 | D:5      | Found a shimmering blue altar of Sif Muna.
  6403 | D:5      | Noticed Duvessa
  6409 | D:5      | Noticed Dowan
  6423 | D:5      | Killed Duvessa
  6424 | D:5      | Reached skill level 1 in Ice Magic
  6439 | D:5      | Killed Dowan
  6624 | D:5      | Noticed Blork the orc
  6635 | D:5      | Killed Blork the orc
  7306 | D:6      | Found a transporter.
  7310 | D:6      | Noticed AmberJosephineLiu's ghost (weakling DDDe)
  7461 | D:6      | Found a transporter.
  7684 | D:6      | Reached skill level 6 in Summonings
  7684 | D:6      | Reached XP level 8. HP: 39/52 MP: 6/14
  8025 | D:5      | Found a shimmering altar of Xom.
  8033 | D:5      | Became a worshipper of Sif Muna the Loreminder
  8412 | D:4      | Found a stormy altar of Qazlal.
  9168 | D:7      | Noticed Joseph
  9296 | D:7      | Killed Joseph
  9679 | D:7      | Reached skill level 7 in Summonings
  9878 | D:7      | Reached XP level 9. HP: 51/57 MP: 8/15
 10210 | D:8      | Reached * piety under Sif Muna
 10456 | D:8      | Found a sand-covered staircase.
 10516 | Ossuary  | Entered an ossuary
 10874 | Ossuary  | Reached skill level 5 in Ice Magic
 11113 | Ossuary  | Reached ** piety under Sif Muna
 11816 | D:8      | Reached skill level 5 in Dodging
 12041 | D:8      | Noticed a three-headed hydra
 12087 | D:8      | Killed a two-headed hydra
 12615 | D:8      | Learned a level 4 spell: Summon Lightning Spire
 12652 | D:9      | Noticed a manticore
 12677 | D:9      | Killed a manticore
 12678 | D:9      | Reached skill level 8 in Summonings
 12785 | D:9      | Reached skill level 1 in Air Magic
 13332 | D:9      | Reached XP level 10. HP: 55/63 MP: 1/16
 14536 | D:10     | Entered Level 10 of the Dungeon
 14582 | D:10     | Acquired 808 gold pieces
 15127 | D:10     | Found an ornate altar of the Wu Jian Council.
 15330 | D:10     | Noticed Psyche
 15456 | D:10     | Noticed Maggie
 15456 | D:10     | Noticed a centaur warrior
 15457 | D:10     | Noticed a two-headed ogre
 15616 | D:10     | Killed Psyche
 15868 | D:10     | Reached skill level 1 in Invocations
 15884 | D:10     | Found a sacrificial altar of Ru.
 15999 | D:10     | Noticed Snorg
 16041 | D:10     | Killed Snorg
 16775 | D:11     | Noticed a five-headed hydra
 17933 | D:11     | Reached *** piety under Sif Muna
 18101 | D:11     | Found a staircase to the Orcish Mines.
 18173 | D:11     | Noticed a seven-headed hydra
 18597 | D:11     | Killed a five-headed hydra
 18924 | D:11     | Found a staircase to the Lair.
 18994 | D:11     | Reached XP level 11. HP: 17/68 MP: 9/17
 19937 | Lair:1   | Entered Level 1 of the Lair of Beasts
 20241 | Lair:1   | Reached skill level 9 in Summonings
 22626 | Lair:2   | Learned a level 5 spell: Summon Forest
 22937 | Lair:2   | Noticed an eight-headed hydra
 22959 | Lair:2   | Killed an eight-headed hydra
 23094 | Lair:2   | Noticed an oklob plant
 23827 | Lair:2   | Noticed Nergalle
 24385 | Lair:2   | Noticed Prince Ribbit
 24509 | Lair:2   | Killed Prince Ribbit
 24682 | Lair:2   | Killed Nergalle
 25307 | Lair:3   | Reached skill level 5 in Invocations
 25357 | Lair:3   | Found a staircase to the Swamp.
 25479 | Lair:3   | Reached **** piety under Sif Muna
 25728 | Lair:3   | Reached skill level 5 in Air Magic
 25809 | Lair:3   | Found a staircase to the Snake Pit.
 26728 | Lair:4   | Noticed a four-headed hydra
 26738 | Lair:4   | Killed a four-headed hydra
 26984 | Lair:4   | Reached XP level 12. HP: 41/74 MP: 12/18
 27561 | Lair:4   | Noticed a boulder beetle
 27572 | Lair:4   | HP: 1/74 [molten gargoyle/bolt of magma (39)]
 29432 | Lair:5   | Noticed a catoblepas
 29621 | Lair:5   | Noticed Josephine
 29633 | Lair:5   | Killed Josephine
 30080 | Lair:5   | Killed a catoblepas
 30089 | Lair:5   | Reached ***** piety under Sif Muna
 30096 | Lair:5   | Reached skill level 5 in Spellcasting
 30375 | Lair:5   | Reached skill level 10 in Summonings
 31137 | Lair:5   | Found a staircase to the Slime Pits.
 31217 | Lair:6   | Entered Level 6 of the Lair of Beasts
 31217 | Lair:6   | Noticed a four-headed hydra
 31246 | Lair:6   | Noticed a death yak
 31246 | Lair:6   | Noticed a death yak
 31247 | Lair:6   | Noticed a death yak
 31989 | D:6      | Killed AmberJosephineLiu's ghost
 32074 | D:5      | Found a hide-covered altar of Uskayaw.
 32322 | Orc:1    | Entered Level 1 of the Orcish Mines
 32555 | D:11     | Killed from afar by an orc sorcerer

Illustrated notes

Levels and vault maps discovered:
D:1:      denvon_arrival_planthouse, layout_loops_corners, minmay_surrounded
D:2:      layout_basic, dilly_ecumenical_altar_fadedgnrine,
          serial_park_tiny_pond, minmay_goblin_kobold_house, uniq_terence
D:3:      layout_loops_ring, grunt_decor_clamped, kennysheep_generic_room_13,
          uniq_robin, uniq_crazy_yiuf_cottage
D:4:      layout_cave_pools, amcnicky_altar_gilded
D:5:      layout_cave_pools, jmf_multi_god_temple2,
          nicolae_overflow_hidden_temple, temple_statues,
          nicolae_underground_beach, uniq_duvessa, uniq_blork_the_orc
D:6:      layout_rooms, gammafunk_ghost_stat_death, minmay_misc_feat_nine_boxes,
          kennysheep_generic_room_11
D:7:      layout_cave_pools, uniq_joseph
D:8:      layout_loops_ring, enter_ossuary_5, hangedman_ranch
D:9:      layout_stronghold, nicolae_tso_swordbearing_angel,
          minmay_misc_feat_ornament, hex_medium, nicolae_zen_rock_garden
D:10:     layout_basic, pdpol_wu_jian_five_deadly_venoms, okawaru_trees_1,
          lemuel_coloured_pillars_altar, uniq_maggie, uniq_psyche, uniq_snorg
D:11:     layout_rooms, due_lair_maze_entry_diamond,
          portal_ice_cave_entry_ice_beasts
Temple:   nicolae_temple_god_jail
Lair:1:   statuecave_lemuel, layout_loops_ring, serial_bayou_lagoon_b
Lair:2:   layout_loops_ring, infiniplex_staircase_pool_2, serial_bayou_shore_b,
          grunt_megastairs_4, minmay_lair_oklob_chamber, uniq_prince_ribbit2,
          uniq_nergalle
Lair:3:   layout_gridlike, minmay_swamp_entry_worms, dummy_snake_entry,
          serial_bayou_shore_b
Lair:4:   cheibrodos_magma_flow, layout_cave_pods, nzn_sisyphean_effort
Lair:5:   layout_cave_pods, dpeg_slime_entry_corner, lemuel_fruit_tree,
          uniq_josephine
Lair:6:   evil_forest, layout_cave_pods, nicolae_volcano_entry_hallway
Orc:1:    layout_caves, serial_shops, nicolae_shop_crystal,
          nicolae_shop_waterfront, shop_fountains, gammafunk_ghost_necromancy

Skill      XL: |  1  2  3  4  5  6  7  8  9 10 11 12 |
---------------+-------------------------------------+-----
Spellcasting   | 3 4 5 |  5.4
Dodging        | 2 4 5 6 7 8 |  8.2
Shields        | 1 2 3 4 |  4.0
Summonings     | 4 5 6 7 8 9 10 | 10.0
Ice Magic      | 2 4 5 6 7 8 |  8.0
Air Magic      | 1 3 5 6 |  6.0
Invocations    | 3 5 6 |  6.3
Short Blades   | |  0.6
Armour         | |  0.6
Stealth        | |  1.5
Translocations | |  0.2

Action                   |  1- 3 |  4- 6 |  7- 9 | 10-12 || total
-------------------------+-------+-------+-------+-------++-------
Melee: Unarmed           |    28 |       |       |       ||    28
       Short sword       |     4 |       |       |       ||     4
       Hand axe          |    73 |    91 |   324 |   585 ||  1073
       Trident           |       |       |       |     5 ||     5
 Fire: Hunting sling     |       |       |    10 |    48 ||    58
Throw: Dart              |       |       |     3 |     5 ||     8
 Cast: Summon Small Mamm |    21 |     3 |       |       ||    24
       Call Imp          |    17 |    37 |    39 |       ||    93
       Call Canine Famil |       |     8 |    43 |    16 ||    67
       Summon Ice Beast  |       |       |    30 |   224 ||   254
       Summon Lightning  |       |       |       |    68 ||    68
Invok: Channel Magic     |       |       |       |     3 ||     3
Evoke: Wand              |       |       |    12 |    25 ||    37
       Phial of floods   |       |       |       |     1 ||     1
  Use: Scroll            |       |     4 |     9 |     6 ||    19
 Stab: Sleeping          |     1 |     2 |       |     1 ||     4
       Distracted        |       |     2 |     4 |    10 ||    16
Armor: Robe              |    17 |    38 |    41 |       ||    96
       Steam dragon scal |       |       |    81 |   226 ||   307
Dodge: Dodged            |    77 |    61 |   217 |   498 ||   853
Block: Buckler           |       |     4 |   201 |   363 ||   568
       Reflection        |       |       |     3 |     8 ||    11

Table legend: (Time is in decaauts)
 A = Elapsed time spent in this place.
 B = Non-inter-level travel time spent in this place.
 C = Inter-level travel time spent in this place.
 D = Time resting spent in this place.
 E = Time spent auto-exploring this place.
 F = Levels seen in this place.
 G = Mean time per level.
                   A        B        C        D        E       F      G
               +--------+--------+--------+--------+--------+-----+--------+
         Total |  32974 |  30710 |   2264 |  13165 |  10329 |  20 | 1648.7 |
       Dungeon |  20693 |  18830 |   1863 |   7706 |   6407 |  11 | 1881.2 |
        Temple |    122 |    109 |     13 |      0 |    108 |   1 |  122.0 |
          Lair |  11486 |  11099 |    387 |   5034 |   3814 |   6 | 1914.3 |
  Orcish Mines |     28 |     28 |      0 |      0 |      0 |   1 |   28.0 |
       Ossuary |    643 |    643 |      0 |    425 |      0 |   1 |  643.0 |
               +--------+--------+--------+--------+--------+-----+--------+

Top non-repeatable levels by time:
    D:10: 4159 daAuts
  Lair:5: 3270 daAuts
  Lair:2: 2438 daAuts
     D:9: 2362 daAuts
  Lair:1: 2190 daAuts
  Lair:4: 1977 daAuts
     D:3: 1922 daAuts
    D:11: 1862 daAuts
     D:5: 1790 daAuts
     D:8: 1753 daAuts
     D:2: 1605 daAuts
  Lair:3: 1581 daAuts
     D:6: 1554 daAuts
     D:7: 1479 daAuts
     D:1: 1281 daAuts
